 Dungeon Crawl Stone Soup version 0.30-a0-341-g682706514a (webtiles) character file.

Game seed: 13061912857048848953

3374 funkygono the Magician (level 9, -14/68 HPs)
             Began as a White Draconian Fire Elementalist on Nov 3, 2022.
             Demolished by a vault guard
             ... wielding a +0 broad axe
              (20 damage)
             ... in a bailey.
             The game lasted 00:14:41 (8489 turns).

funkygono the Magician (DrFE)                       Turns: 8489, Time: 00:14:41

Health: -14/68     AC: 11    Str: 11    XL:     9   Next: 74%
Magic:  3/20       EV: 12    Int: 20    God:
Gold:   294        SH:  0    Dex: 11    Spells: 12/22 levels left

rFire   . . .      SeeInvis +    x - +7 staff of the Meek {protect, meekguard}
rCold   + . .      Faith    .    (shield currently unavailable)
rNeg    + . .      Spirit   .    (body armour unavailable)
rPois   .          Reflect  .    e - +0 hat "Jiutooph" {+Inv rN+ SInv}
rElec   .          Harm     .    w - +1 cloak
rCorr   .          Rampage  .    y - +1 pair of gloves
Will    .....                    (no boots)
Stlth   ++........               q - amulet of regeneration
HPRegen 1.11/turn                b - ring of see invisible
MPRegen 0.17/turn                l - ring of wizardry

@: no status effects
A: breathe frost, AC +7, unfitting armour, cold resistance 1, cold-blooded
a: Breathe Frost, Evoke Invisibility


You were in a bailey.
You visited 2 branches of the dungeon, and saw 8 of its levels.
You also visited: Bailey.

You collected 294 gold pieces.

Inventory:

Hand Weapons
 c - a +0 short sword
 g - a +2 falchion of holy wrath
 v - a +4 quarterstaff of chaos
 x - the +7 staff of the Meek (weapon) {protect, meekguard}
   (You found it on level 5 of the Dungeon)

   It grants its wielder temporary protection when it strikes (+7 to AC).
   It provides extra protection to wielders with little health.
 z - a +1 vorpal mace
Armour
 e - the +0 hat "Jiutooph" (worn) {+Inv rN+ SInv}
   (You acquired it on level 4 of the Dungeon)

   rN:        It protects you from negative energy.
   SInv:      It lets you see invisible.
   +Inv:      It lets you turn invisible.
 w - a +1 cloak (worn)
 y - a +1 pair of gloves (worn)
Magical Staves
 h - a staff of poison
Jewellery
 b - a ring of see invisible (left hand)
 l - a ring of wizardry (right hand)
 q - an amulet of regeneration (around neck)
Wands
 t - a wand of paralysis (2)
Scrolls
 f - 4 scrolls of butterflies
 n - 3 scrolls of teleportation
 o - a scroll of amnesia
 s - a scroll of enchant armour
 A - a scroll of acquirement
Potions
 a - a potion of magic
 d - 4 potions of haste
 i - a potion of degeneration {unknown}
 k - a potion of might {unknown}
 m - 2 potions of mutation
 p - 2 potions of flight
 r - 4 potions of attraction
 u - 2 potions of curing
 B - a potion of invisibility {unknown}


   Skills:
 + Level 2.5 Fighting
 + Level 1.5 Long Blades
 + Level 4.0 Staves
 + Level 3.4 Dodging
 + Level 3.3 Stealth
 + Level 7.4 Spellcasting
 + Level 4.7 Conjurations
 + Level 6.9 Fire Magic
 + Level 0.1 Air Magic
 + Level 0.1 Evocations


You had 12 spell levels left.
You knew the following spells:

 Your Spells              Type           Power      Damage    Failure   Level
a - Foxfire               Conj/Fire      100%       2x1d9     1%          1
b - Scorch                Fire           70%        2d9       1%          2
c - Kindle Blastsparks    Fire/Tloc/Air  32%        2d12      4%          3
d - Flame Wave            Conj/Fire      30%        2d9       3%          4

Your spell library contained the following spells:

 Spells                   Type           Power      Damage    Failure   Level
 Inner Flame              Hex/Fire       21%        N/A       2%          3
 Poisonous Vapours        Pois/Air       14%        N/A       5%          2
 Cigotuvi's Dreadful Rot  Necr/Pois/Air  14%        N/A       6%          2
 Mephitic Cloud           Conj/Pois/Air  13%        N/A       6%          3
 Conjure Ball Lightning   Conj/Air       8%         3x3d6     87%         6
 Discord                  Hex            3%         N/A       100%        8
 Disjunction              Tloc           3%         N/A       100%        8


Dungeon Overview and Level Annotations

Branches:
Dungeon (7/15)             Temple (1/1) D:6          Bailey (1/1)

Altars:
Ashenzari
Cheibriados
Elyvilon
Fedhas
Gozag
Hepliaklqana
Kikubaaqudgha
Makhleb
Okawaru
Qazlal
Ru
Sif Muna
Trog
Uskayaw
Wu Jian
Xom
Yredelemnul
Zin
The Shining One

Shops:
D:5 =   D:6 =(   D:7 :


Innate Abilities, Weirdness & Mutations

You can breathe waves of freezing cold which knock back foes.
Your icy white scales are hard. (AC +7)
You cannot fit into any form of body armour.
Your flesh is cold resistant. (rC+)
You are cold-blooded and may be slowed by cold attacks.


Message History

* * * LOW HITPOINT WARNING * * *
Things that are here:
a +0 hand axe; a +0 leather armour The vault guard closely misses you.
The vault guard attacks as you move away!
The vault guard hits you with a +0 broad axe.
* * * LOW HITPOINT WARNING * * *
Casting: Flame Wave (dangerous; 3% risk of failure)
Confirm with . or Enter, or press ? or * to list all spells.
Flames lash the vault guard.
The vault guard is heavily wounded.
The vault guard's fire resistance burns away.
The vault guard hits you with a +0 broad axe!
* * * LOW HITPOINT WARNING * * *
You feel much better.
The vault guard hits you with a +0 broad axe!
* * * LOW HITPOINT WARNING * * *
You feel much better. The vault guard misses you.
Casting: Scorch (safe; 1% risk of failure)
Confirm with . or Enter, or press ? or * to list all spells.
Flames lash the vault guard.
The vault guard is burned terribly!
The vault guard is heavily wounded.
The vault guard hits you with a +0 broad axe!!
Casting: Scorch (safe; 1% risk of failure)
Confirm with . or Enter, or press ? or * to list all spells.
Flames lash the vault guard.
The vault guard is burned terribly!
The vault guard is severely wounded.
The vault guard hits you with a +0 broad axe!
* * * LOW HITPOINT WARNING * * *
Casting: Scorch (safe; 1% risk of failure)
Confirm with . or Enter, or press ? or * to list all spells.
Flames lash the vault guard.
The vault guard is burned terribly!
The vault guard is severely wounded.
The vault guard hits you with a +0 broad axe!
* * * LOW HITPOINT WARNING * * *
Casting: Scorch (safe; 1% risk of failure)
Confirm with . or Enter, or press ? or * to list all spells.
Flames lash the vault guard but do no damage.
The vault guard hits you with a +0 broad axe!!
You die...

#..∩.))))~##....#######
#....)######..###≈≈≈≈≈###
#..∩.)'....#'##≈≈~~~~~≈≈##
##...##......#≈~~~~~~~~~≈##
#####.......##≈~~~~~~~~~≈#
#...#######≈~~......~####
#..##..#≈≈≈~........##...
#...#..#........~...#....
#...#..'@p)~~†...)~.'..∩.
##..).)#~~≈≈≈≈~~....#....
##....#≈≈####≈≈~...##...
#########!?###≈~..~####
#... ##≈.~~~# #~p.. #≈.~~##
#~~..#≈.~## #~.'.### ######


You could see a vault guard (combustible).

Vanquished Creatures
  A vault guard (Bailey)
  A gargoyle (D:7)
  Prince Ribbit (Bailey)
  3 humans (Bailey)
  An ice beast (D:6)
  A sky beast (D:7)
  An ogre (D:5)
  A black bear (D:6)
  7 bullfrogs (Bailey)
  3 scorpions (D:5)
  A gnoll sergeant (D:4)
  4 killer bees (D:7)
  2 hounds
  Crazy Yiuf (D:3)
  A gnoll bouda (D:6)
  Natasha (thrice) (D:2)
  Terence (D:3)
  2 iguanas
  2 orc wizards
  10 gnolls
  9 adders
  A shadow imp (D:7)
  2 ufetubi
  A worm (D:5)
  4 dart slugs
  11 orcs
  4 ball pythons
  4 bats
  7 endoplasms
  5 giant cockroaches
  14 goblins
  7 hobgoblins
  3 jackals (D:4)
  4 kobolds
  3 quokkas
  2 frilled lizards
  7 rats
135 creatures vanquished.

Vanquished Creatures (collateral kills)
  2 foxfires (D:3)
2 creatures vanquished.

Vanquished Creatures (others)
  375 foxfires
375 creatures vanquished.

Grand Total: 512 creatures vanquished

Notes
Turn   | Place    | Note
-------+----------+-------------------------------------------
     0 | D:1      | funkygono the Draconian Fire Elementalist began the quest
                  | for the Orb.
     0 | D:1      | Reached XP level 1. HP: 14/14 MP: 3/3
   241 | D:1      | Reached XP level 2. HP: 20/20 MP: 3/5
  1026 | D:1      | Learned a level 2 spell: Scorch
  1141 | D:2      | Reached XP level 3. HP: 26/26 MP: 2/6
  1145 | D:2      | Learned a level 3 spell: Kindle Blastsparks
  1610 | D:2      | Reached XP level 4. HP: 33/33 MP: 4/7
  1687 | D:2      | Noticed Natasha
  1691 | D:2      | Killed Natasha
  1706 | D:2      | Noticed Natasha
  1708 | D:2      | Killed Natasha
  1863 | D:2      | Reached skill level 3 in Spellcasting
  1863 | D:2      | Reached XP level 5. HP: 38/38 MP: 6/9
  1991 | D:2      | Noticed Natasha
  1995 | D:2      | Killed Natasha
  2254 | D:3      | Found an iron altar of Okawaru.
  2342 | D:3      | Noticed Terence
  2350 | D:3      | Killed Terence
  2479 | D:3      | Found a white marble altar of Elyvilon.
  2576 | D:3      | Found a runed translucent door.
  2577 | D:3      | Noticed Crazy Yiuf
  2948 | D:3      | Found an opulent altar of Gozag.
  2951 | D:3      | Reached XP level 6. HP: 45/45 MP: 9/11
  3093 | D:3      | Found a glowing golden altar of the Shining One.
  3437 | D:3      | Killed Crazy Yiuf
  3474 | D:3      | Learned a level 4 spell: Flame Wave
  3911 | D:4      | Reached skill level 4 in Spellcasting
  4993 | D:4      | Identified a scroll of acquirement
  4993 | D:4      | Acquired the +0 hat "Jiutooph" {+Inv rN+ SInv}
  5043 | D:5      | Entered Level 5 of the Dungeon
  5098 | D:5      | Reached skill level 1 in Long Blades
  5098 | D:5      | Reached skill level 5 in Fire Magic
  5323 | D:5      | Your scales start taking on an icy white colour.
  5323 | D:5      | Reached XP level 7. HP: 51/51 MP: 7/13
  5323 | D:5      | Gained mutation: Your flesh is cold resistant. (rC+) [White
                  | Draconian growth]
  5562 | D:5      | Found Nouxiy's Jewellery Shop.
  5703 | D:5      | Found a shimmering blue altar of Sif Muna.
  5980 | D:5      | Found the +7 staff of the Meek {protect, meekguard}
  6413 | D:5      | Found a snail-covered altar of Cheibriados.
  6738 | D:6      | Reached skill level 5 in Spellcasting
  6943 | D:6      | Found Doophe's Weapon Shop.
  6973 | D:6      | Reached skill level 5 in Fire Magic
  7029 | D:6      | Found Kuul's Jewellery Boutique.
  7111 | D:6      | Found a staircase to the Ecumenical Temple.
  7203 | Temple   | Entered the Ecumenical Temple
  7203 | Temple   | Found a transporter.
  7203 | Temple   | Found a transporter.
  7205 | Temple   | Found a transporter.
  7205 | Temple   | Found a transporter.
  7325 | D:6      | Reached XP level 8. HP: 58/58 MP: 14/16
  7646 | D:7      | Found Lisis's Book Emporium.
  7646 | D:7      | Noticed a gargoyle
  7662 | D:7      | Killed a gargoyle
  7663 | D:7      | Reached skill level 1 in Fighting
  7663 | D:7      | Reached skill level 1 in Staves
  7848 | D:7      | Found a flagged portal.
  7865 | Bailey   | Entered a bailey
  7922 | Bailey   | Reached skill level 6 in Spellcasting
  7952 | Bailey   | Reached XP level 9. HP: 44/67 MP: 1/18
  8251 | Bailey   | Noticed Prince Ribbit
  8262 | Bailey   | Killed Prince Ribbit
  8305 | Bailey   | Noticed a vault guard
  8323 | Bailey   | Killed a vault guard
  8324 | Bailey   | Reached skill level 7 in Spellcasting
  8461 | Bailey   | Noticed a vault guard
  8483 | Bailey   | HP: 2/68 [vault guard/+0 broad axe (9)]
  8489 | Bailey   | Demolished by a vault guard

Illustrated notes

Levels and vault maps discovered:
D:1:      dpeg_arrival_rooms_a, layout_basic, minmay_split_cup_small
D:2:      layout_loops_cross, minmay_between, uniq_natasha
D:3:      layout_loops_ring, mainiacjoe_overflow_paths,
          nicolae_tso_carved_into_rock, nicolae_elyvilon_peaceful_grove,
          mainiacjoe_overflow_six_doors_small, chequers_serial_rivers_micro_c,
          minmay_statues_item, minmay_misc_feat_hallway,
          uniq_crazy_yiuf_cottage, uniq_terence
D:4:      layout_layer_cave
D:5:      layout_layer_cave, nicolae_sif_muna_condensation, slow_altar_2,
          serial_shops, nicolae_shop_window_shopping
D:6:      layout_cave_pools, minmay_temple_entry_fiery, serial_shops,
          kennysheep_little_box, nicolae_inconvenience_store
D:7:      layout_basic, enter_bailey_5, serial_shops, nicolae_square_shop,
          serial_curves, eino_curves_01, eino_curves_01, roderic_roman_lattice
Temple:   hellmonk_temple_divided_pantheon
Bailey:   bailey_axe_froggy_fort_hellmonk, bailey

Skill      XL: |  1  2  3  4  5  6  7  8  9 |
---------------+----------------------------+-----
Dodging        | 2 3 |  3.4
Stealth        | 2 3 |  3.3
Conjurations   | 2 3 4 |  4.7
Fire Magic     | 4 4 5 6 |  6.9
Spellcasting   | 3 4 5 6 7 |  7.4
Long Blades    | 1 |  1.5
Fighting       | 2 |  2.5
Staves         | 2 4 |  4.0
Air Magic      | |  0.1
Evocations     | |  0.1

Action                   |  1- 3 |  4- 6 |  7- 9 || total
-------------------------+-------+-------+-------++-------
Melee: Falchion          |    11 |    28 |     6 ||    45
       Tailslap          |     2 |     2 |    14 ||    18
       Punch             |       |     1 |       ||     1
       Quarterstaff      |       |       |    55 ||    55
 Cast: Foxfire           |    52 |    90 |    75 ||   217
       Scorch            |     3 |    25 |    41 ||    69
       Kindle Blastspark |       |     1 |       ||     1
       Flame Wave        |       |       |     3 ||     3
 Abil: Breathe Frost     |       |       |     1 ||     1
Evoke: Wand              |       |       |     1 ||     1
  Use: Scroll            |       |     9 |     7 ||    16
       Potion            |       |       |     2 ||     2
 Stab: Paralysed         |       |       |     1 ||     1
Armor: Skin              |     7 |     7 |    38 ||    52
Dodge: Dodged            |    16 |    36 |    72 ||   124

Table legend: (Time is in decaauts)
 A = Elapsed time spent in this place.
 B = Non-inter-level travel time spent in this place.
 C = Inter-level travel time spent in this place.
 D = Time resting spent in this place.
 E = Time spent auto-exploring this place.
 F = Levels seen in this place.
 G = Mean time per level.
                   A        B        C        D        E       F      G
               +--------+--------+--------+--------+--------+-----+--------+
         Total |   8530 |   8278 |    252 |    603 |   6362 |   9 |  947.8 |
       Dungeon |   7845 |   7594 |    251 |    403 |   6083 |   7 | 1120.7 |
        Temple |     48 |     48 |      0 |      0 |      7 |   1 |   48.0 |
        Bailey |    635 |    635 |      0 |    200 |    271 |   1 |  635.0 |
               +--------+--------+--------+--------+--------+-----+--------+

Top non-repeatable levels by time:
     D:5: 1662 daAuts
     D:4: 1427 daAuts
     D:3: 1397 daAuts
     D:2: 1195 daAuts
     D:1: 1040 daAuts
     D:6: 802 daAuts
  Bailey: 635 daAuts
     D:7: 319 daAuts
  Temple: 48 daAuts
